 Dungeon Crawl Stone Soup version 0.18.0-2-g198d6d4 (webtiles) character file.

19 Northaan the Shooter (level 2, 0/23 HPs)
             Began as a Centaur Arcane Marksman on May 5, 2016.
             Succumbed to a goblin's poison
             ... on level 2 of the Dungeon.
             The game lasted 00:02:32 (988 turns).

Northaan the Shooter (Centaur Arcane Marksman)       Turns: 988, Time: 00:02:32

Health: 0/23       AC:  5    Str: 13    XL:     2   Next: 55%
Magic:  3/3        EV: 14    Int: 12    God:
Gold:   45         SH:  0    Dex: 13    Spells: 1 memorised, 2 levels left

rFire  . . .     SeeInvis .     a - +0 shortbow
rCold  . . .     Gourm    .     e - +0 leather armour
rNeg   . . .     Faith    .     (shield currently unavailable)
rPois  .         Spirit   .     (no helmet)
rElec  .         Dismiss  .     (no cloak)
rCorr  .         Reflect  .     l - +0 pair of gloves
SustAt .         Harm     .     (no barding)
MR     .....                    (no amulet)
Stlth  ++........               (no ring)
                                (no ring)

@: agile, lethally poisoned (0 -> -19), very quick, not resistant to hostile
enchantments, unstealthy
A: hooves 3, deformed body, speed 2, tough skin 3
a: no special abilities


You were on level 2 of the Dungeon.
You were not hungry.

You visited 1 branch of the dungeon, and saw 2 of its levels.

You collected 45 gold pieces.

Inventory:

Hand Weapons
 a - a +0 shortbow (weapon)
 h - a +0 dagger
 i - a +0 spear
Missiles
 d - 32 arrows (quivered)
Armour
 b - a +0 robe
 e - a +0 leather armour (worn)
 l - a +0 pair of gloves (worn)
Scrolls
 j - a scroll of remove curse {unknown}
Books
 c - a book of Debilitation

   Spells                             Type                      Level
   a - Corona                         Hexes                        1
   b - Slow                           Hexes                        2
   c - Gell's Gravitas                Hexes/Translocation          3
   d - Inner Flame                    Hexes/Fire                   3
   e - Cause Fear                     Hexes                        4
   f - Leda's Liquefaction            Hexes/Earth                  4
Comestibles
 f - a bread ration
 g - a beef jerky
 m - 2 chunks of flesh


   Skills:
 * Level 1.5 Fighting
 + Level 0.3 Short Blades
 * Level 2.9 Bows
 - Level 1.3 Dodging
 + Level 1.2 Spellcasting
 + Level 2.9 Hexes


You had 2 spell levels left.
You knew the following spells:

 Your Spells              Type           Power        Failure   Level  Hunger
a - Corona                Hex            #......      14%         1    ##.....


Dungeon Overview and Level Annotations

Branches:
Dungeon (2/15)

Altars:
Xom


Innate Abilities, Weirdness & Mutations

You have hooves in place of feet.
Armour fits poorly on your strangely shaped body.
You cover ground very quickly.
You have extremely tough skin (AC +3).


Message History

* * * LOW HITPOINT WARNING * * *
Firing (i - inventory):
d - 34 arrows (quivered)
Press: ? - help, Shift-Dir - straight line, f/p - orc
Aim: an orc, wielding a club (severely wounded)
You shoot an arrow. The arrow hits the orc.
You kill the orc!
The goblin hits you with a dagger of venom.
* * * LOW HITPOINT WARNING * * *
You are lethally poisoned!
Firing (i - inventory):
d - 33 arrows (quivered)
Press: ? - help, Shift-Dir - straight line, f - goblin
Aim: a goblin, wielding a dagger of venom You shoot an arrow.
The arrow barely misses the goblin.
* * * LOW HITPOINT WARNING * * *
You feel sick. The goblin hits you but does no damage.
You are more poisoned.
Drink which item? (? for menu, Esc to quit)
It was a potion of agility.
You feel agile all of a sudden.
You die...

..≈.^≈##.......##.....#
#≈_≈≈_^....>.#.##.....#
...#≈#..##.##.########
...≈ ##.##...(# #♣.
#..#####(### ≈
#..##..((..# #
#..÷....(#.####....
#.###.##g#......# #.
#.##.@<###### ..
#.####.# ##. #.# #.# #.
#.. ..# #. ### ###


You could see a goblin.

Vanquished Creatures
  A giant gecko (D:2)
  2 orcs (D:2)
  2 giant cockroaches
  3 goblins
  3 hobgoblins
  2 kobolds (D:1)
  A rat (D:1)
14 creatures vanquished.

Notes
Turn   | Place    | Note
--------------------------------------------------------------
     0 | D:1      | Northaan the Centaur Arcane Marksman began the quest for the Orb.
     0 | D:1      | Reached XP level 1. HP: 16/16 MP: 2/2
   759 | D:2      | Reached XP level 2. HP: 18/23 MP: 3/3
   765 | D:2      | Found a shimmering altar of Xom.
   765 | D:2      | Found a shimmering altar of Xom.
   765 | D:2      | Found a shimmering altar of Xom.
   825 | D:2      | Found a shimmering altar of Xom.
   988 | D:2      | Succumbed to a goblin's poison

Action                   || total
-------------------------++-------
Melee: Dagger            ||    44
       Kick              ||     3
 Fire: Shortbow          ||    25
 Cast: Corona            ||     1
  Use: Potion            ||     1
Armor: Robe              ||     6
       Leather armour    ||     8
Dodge: Dodged            ||    26
